 Dungeon Crawl Stone Soup version bcrawl-1.21.3 (webtiles) character file.

Game seed: 5108687361833482625

478 Freyura the Skirmisher (level 7, -5/44 HPs)
             Began as a Gargoyle Fighter on Mar 30, 2020.
             Killed by divine providence
             ... invoked by an orc priest
              (16 damage)
             ... on level 5 of the Dungeon.
             The game lasted 00:06:57 (3913 turns).

Freyura the Skirmisher (Gargoyle Fighter)           Turns: 3913, Time: 00:06:58

Health: -5/44      AC: 15    Str: 19    XL:     7   Next: 11%
Magic:  7/7        EV:  8    Int:  9    God:
Gold:   207        SH:  9    Dex: 11    Spells: 6/6 levels left

rFire    + . .     SeeInvis .   a - +0 flail
rCold    x . .     Gourm    .   c - +0 medium shield
rNeg     + . .     Faith    .   b - +0 scale mail
rPois    ∞         Spirit   .   s - +0 helmet
rElec    +         Reflect  .   h - +0 cloak
rCorr    .         Harm     .   q - +0 pair of gloves
MR       .....                  (no boots)
Stlth    ..........             (no amulet)
HPRegen  0.14/turn              r - ring of fire
MPRegen  0.10/turn              (no ring)

@: no status effects
A: negative energy resistance 1, electricity resistance, unbreathing,
petrification resistance, rot immunity, AC +4
a: no special abilities


You were on level 5 of the Dungeon.
You were not hungry.

You visited 1 branch of the dungeon, and saw 5 of its levels.

You collected 207 gold pieces.

Inventory:

Hand Weapons
 a - a +0 flail (weapon)
Armour
 b - a +0 scale mail (worn)
 c - a +0 medium shield (worn)
 h - a +0 cloak (worn)
 q - a +0 pair of gloves (worn)
 s - a +0 helmet (worn)
Jewellery
 r - a ring of fire (left hand)
Wands
 i - a wand of flame (11)
 u - a wand of iceblast (5)
Scrolls
 j - a scroll of noise {unknown}
 k - a scroll of magic mapping {unknown}
 l - 3 scrolls of immolation {unknown}
 n - 2 scrolls of remove curse {unknown}
 o - a scroll of teleportation {unknown}
 p - 4 scrolls of identify
 t - a scroll of enchant weapon {unknown}
Potions
 f - a potion of brilliance
 g - a potion of curing {unknown}
 m - a potion of heal wounds {unknown}
Comestibles
 e - 10 rations {!d}


   Skills:
 + Level 4.7 Fighting
 * Level 4.5 Maces & Flails
 + Level 4.5 Armour
 + Level 2.1 Dodging
 + Level 4.5 Shields


You had 6 spell levels left.
You didn't know any spells.
Your spell library was empty.

Dungeon Overview and Level Annotations

Branches:
Dungeon (5/12)
 Temple: D:4-7

Altars:
Wu Jian

Shops:
D:4 [


Innate Abilities, Weirdness & Mutations

You are resistant to torment.
Your stone body is resilient. (AC +4)
You are immune to poison.
You resist negative energy. (rN+)
You are resistant to electric shocks. (rElec)
You can survive without breathing.
You are immune to petrification.
You are immune to rotting.


Message History

The orc priest is severely wounded.
You block the orc priest's attack. The orc hits you.
* * * LOW HITPOINT WARNING * * *
Your shield prevents you from hitting the orc priest.
The orc priest is severely wounded.
The orc barely misses you. You block the orc priest's attack.
You hit the orc priest.
The orc priest is severely wounded.
You block the orc's attack. You block the orc priest's attack.
You block the orc's attack.
You completely miss the orc priest.
The orc priest is severely wounded.
You block the orc priest's attack. The orc hits you but does no damage.
The orc priest hits you but does no damage.
You hit the orc priest.
The orc priest is almost dead.
You block the orc's attack.
The orc priest mumbles some strange prayers to Beogh against you.
Beogh smites you!
You die...

...# #..##..#### .
#..##.......... .# ..
#............. ...
...#............... ...
#................## ...
##............)...## ..#
#......Yo..........##
..####
#....##oo##.#.......#
.....# ##...###@##........#
>....###.....##..##.......#
..)...#.....####..........#
..........##.............##
..........#............###
.............#.(.......#
...>.....######.......[#
........##.###........##
........................#


You could see an ice beast, an orc priest and 2 orcs.

Vanquished Creatures
  2 crimson imps (D:4)
  3 hounds
  An orc wizard (D:4)
  An iguana (D:5)
  5 worker ants
  Robin (D:4)
  4 adders
  2 adder skeletons (D:4)
  3 worms
  2 leopard geckos
  9 orcs
  3 bats (D:2)
  9 goblins
  13 hobgoblins
  8 jackals
  9 kobolds
  2 quokkas
  3 frilled lizards (D:2)
  A leopard gecko zombie (D:5)
81 creatures vanquished.

Notes
Turn   | Place    | Note
-------+----------+-------------------------------------------
     0 | D:1      | Freyura the Gargoyle Fighter began the quest for the Orb.
     0 | D:1      | Reached XP level 1. HP: 14/14 MP: 1/1
   295 | D:1      | Reached XP level 2. HP: 19/19 MP: 2/2
   975 | D:2      | Reached XP level 3. HP: 20/23 MP: 3/3
  1440 | D:2      | Reached XP level 4. HP: 23/29 MP: 4/4
  1714 | D:2      | Found an ornate altar of the Wu Jian Council.
  1827 | D:3      | Reached skill level 1 in Dodging
  2454 | D:4      | Found Uxucw's Antique Armour Boutique.
  2465 | D:4      | Reached XP level 5. HP: 32/33 MP: 5/5
  2704 | D:4      | Reached XP level 6. HP: 23/38 MP: 6/6
  2907 | D:4      | Noticed Robin
  2927 | D:4      | Killed Robin
  3660 | D:5      | Entered Level 5 of the Dungeon
  3753 | D:5      | Reached XP level 7. HP: 27/44 MP: 7/7
  3913 | D:5      | Killed from afar by an orc priest

Skill      XL: |  1  2  3  4  5  6 |
---------------+-------------------+-----
Maces & Flails | 3 4 |  4.5
Dodging        | 1 2 |  2.1
Fighting       | 4 |  4.7
Armour         | 4 |  4.5
Shields        | 4 |  4.5

Action                   |  1- 3 |  4- 6 |  7- 9 || total
-------------------------+-------+-------+-------++-------
Melee: Flail             |   153 |   265 |    34 ||   452
  Use: Scroll            |       |     2 |       ||     2
       Potion            |       |     1 |     1 ||     2
  Eat: Chunk             |     2 |     5 |       ||     7
       Ration            |       |     1 |       ||     1
Armor: Scale mail        |    80 |   192 |    18 ||   290
Dodge: Dodged            |    45 |   106 |    25 ||   176
Block: Medium shield     |    78 |   155 |    36 ||   269
